 Dungeon Crawl Stone Soup version bcrawl-1.12.2 (webtiles) character file.

Game seed: 2341280944836740571

57 RedPan the Cutter (level 4, -9/27 HPs)
             Began as an Avariel Reaver on July 23, 2019.
             Was a Follower of Vehumet.
             Killed by nerve-wracking pain
             ... invoked by Grinder
              (11 damage)
             ... on level 3 of the Dungeon.
             The game lasted 00:04:16 (2220 turns).

RedPan the Cutter (Avariel Reaver)                  Turns: 2220, Time: 00:04:16

Health: -9/27      AC:  6    Str: 10    XL:     4   Next: 0%
Magic:  11/11      EV: 13    Int: 20    God:    Vehumet [*.....]
Gold:   152        SH:  0    Dex: 11    Spells: 10/10 levels left

rFire    . . .     SeeInvis .   a - +0 rapier
rCold    . . .     Gourm    .   (no shield)
rNeg     . . .     Faith    .   b - +0 steam dragon scales
rPois    +         Spirit   .   (no helmet)
rElec    .         Reflect  .   (no cloak)
rCorr    .         Harm     .   (no gloves)
MR       .....                  i - +0 pair of boots
Stlth    +.........             (no amulet)
HPRegen  0.09/turn              (no ring)
MPRegen  0.12/turn              m - ring of poison resistance

@: hasted, very quick
A: no striking features
a: Renounce Religion


You were on level 3 of the Dungeon.
You worshipped Vehumet.
Vehumet was aware of your devotion.
You were very hungry.

You visited 1 branch of the dungeon, and saw 3 of its levels.

You collected 152 gold pieces.

Inventory:

Hand Weapons
 a - a +0 rapier (weapon)
Armour
 b - +0 steam dragon scales (worn)
 i - a +0 pair of boots (worn)
Jewellery
 m - a ring of poison resistance (right hand)
Scrolls
 d - a scroll of immolation
 e - a scroll of enchant weapon {unknown}
 g - 2 scrolls of remove curse
 h - a scroll of fog {unknown}
Comestibles
 f - 5 rations {!d}


   Skills:
 - Level 2.6 Fighting
 + Level 4.0 Short Blades
 + Level 4.0 Dodging
 + Level 3.6 Spellcasting


You had 10 spell levels left.
You didn't know any spells.
Your spell library contained the following spells:

 Spells                   Type           Power        Failure   Level  Hunger
 Sandblast                Erth           #.....       14%         1    None
 Iskenderun's Battlesphe  Conj/Chrm      #.......     98%         5    ######.


Dungeon Overview and Level Annotations

Branches:
Dungeon (3/12)

Altars:
Qazlal

Annotations:
D:3 Grinder


Message History

You feel better. Grinder misses you.
Okay, then.
You hit Grinder.
Grinder is severely wounded.
You hit Grinder.
Grinder is severely wounded.
Grinder closely misses you.
You hit Grinder.
Grinder is severely wounded.
Grinder blinks!
You closely miss Grinder.
Grinder is severely wounded.
Grinder gestures at you. Pain shoots through your body!
* * * LOW HITPOINT WARNING * * *
You hit Grinder.
Grinder is severely wounded.
Grinder gestures at you. Pain shoots through your body!
You die...

#############
##...........#
#............#
#............# .#
#(..5@..## ###.#
#....##....... ..#.# #
#....##..#######.#.#.#
#....##..##...##.#.#.#
#....##..##...##.#.#..
#...>.................
#....##..##...##......
#....##..#########.##.
#....##..#########.##.


You could see Grinder.

Vanquished Creatures
  2 adders (D:2)
  A worm (D:2)
  4 dart slugs
  A leopard gecko (D:1)
  A ball python (D:2)
  A giant cockroach (D:1)
  A goblin (D:2)
  5 hobgoblins
  3 jackals (D:1)
  A quokka (D:2)
  2 bats
  2 frilled lizards
  2 kobolds (D:1)
  A rat (D:2)
27 creatures vanquished.

Vanquished Creatures (others)
  4 toadstools (D:1)
4 creatures vanquished.

Grand Total: 31 creatures vanquished

Notes
Turn   | Place    | Note
-------+----------+-------------------------------------------
     0 | D:1      | RedPan the Avariel Reaver began the quest for the Orb.
     0 | D:1      | Reached XP level 1. HP: 13/13 MP: 6/6
   246 | D:1      | Reached XP level 2. HP: 12/18 MP: 8/8
  1048 | D:2      | Reached XP level 3. HP: 22/22 MP: 9/9
  1669 | D:2      | Reached * piety under Vehumet
  1669 | D:2      | Offered knowledge of Sandblast by Vehumet.
  1842 | D:2      | Reached XP level 4. HP: 16/27 MP: 11/11
  2139 | D:3      | Found a stormy altar of Qazlal.
  2198 | D:3      | Noticed Grinder
  2220 | D:3      | Killed from afar by Grinder

Skill      XL: |  1  2  3 |
---------------+----------+-----
Spellcasting   | 3 |  3.6
Short Blades   | 4 |  4.0
Dodging        | 4 |  4.0
Fighting       | |  2.6

Action                   |  1- 3 |  4- 6 || total
-------------------------+-------+-------++-------
Melee: Rapier            |   118 |    17 ||   135
  Use: Scroll            |     1 |     3 ||     4
       Potion            |       |     2 ||     2
  Eat: Chunk             |     3 |       ||     3
Armor: Steam dragon scal |    33 |     1 ||    34
Dodge: Dodged            |    74 |     7 ||    81
